 Dungeon Crawl Stone Soup version 0.27-a0-1144-g0b7d3b79db (webtiles) character file.

Game seed: 6276702570775145223

1497 freelancePsychic the Nimble (level 8, -2/61 HPs)
             Began as a Merfolk Ice Elementalist on May 10, 2021.
             Was an Initiate of Sif Muna.
             Slain by a wyvern (11 damage)
             ... on level 7 of the Dungeon.
             The game lasted 00:18:04 (9223 turns).

freelancePsychic the Nimble (MfIE)                  Turns: 9223, Time: 00:18:05

Health: -2/61      AC:  6    Str:  9    XL:     8   Next: 81%
Magic:  8/11       EV: 13    Int: 16    God:    Sif Muna [......]
Gold:   159        SH:  7    Dex: 14    Spells: 7/11 levels left

rFire    . . .     SeeInvis .   A - +1 trident (flame)
rCold    + + .     Faith    .   e - +1 kite shield {reflect}
rNeg     . . .     Spirit   .   a - +0 robe
rPois    .         Reflect  +   y - +1 helmet
rElec    .         Harm     .   (no cloak)
rCorr    .         Rampage  .   c - +1 pair of gloves of Oloonosm {rC++ Will+}
Will     +....                  (no boots)
Stlth    ++........             (no amulet)
HPRegen  0.20/turn              (no ring)
MPRegen  0.12/turn              (no ring)

@: freezing walls
A: (nimble swimmer 2), mertail
a: Renounce Religion


You were on level 7 of the Dungeon.
You worshipped Sif Muna.
Sif Muna was noncommittal.
You visited 2 branches of the dungeon, and saw 8 of its levels.

You collected 389 gold pieces.
You spent 230 gold pieces at shops.

Inventory:

Hand Weapons
 d - a +0 dagger of venom
 u - a +0 spear
 A - a +1 trident of flaming (weapon)
Missiles
 h - 2 throwing nets
Armour
 a - a +0 robe (worn)
 c - the +1 pair of gloves of Oloonosm (worn) {rC++ Will+}
   (You acquired it on level 5 of the Dungeon)

   It greatly protects you from cold.
   It increases your willpower.
 e - a +1 kite shield of reflection (worn)
 y - a +1 helmet (worn)
Jewellery
 k - a ring of wizardry
 v - a +4 ring of protection
Wands
 l - a wand of paralysis (1)
 z - a wand of polymorph (10)
Scrolls
 b - a scroll of summoning
 f - 2 scrolls of fear
 g - 3 scrolls of enchant armour
 i - 2 scrolls of amnesia
 o - 2 scrolls of teleportation {@r4}
 s - a scroll of noise {unknown}
 t - 3 scrolls of torment {unknown}
 w - a scroll of vulnerability {unknown}
 x - 2 scrolls of identify {@r1}
Potions
 j - a potion of ambrosia {unknown}
 m - 2 potions of curing {unknown}
 n - 2 potions of lignification {unknown}
 p - 4 potions of invisibility {unknown}
 q - a potion of haste {unknown}
 r - 2 potions of heal wounds {unknown}
 B - a potion of magic {unknown}


   Skills:
 - Level 4.8 Fighting
 * Level 8.0 Polearms
 - Level 9.2 Dodging
 - Level 2.1 Stealth
 - Level 2.0 Spellcasting
 - Level 6.0 Ice Magic


You had 7 spell levels left.
You knew the following spells:

 Your Spells              Type           Power      Damage    Failure   Level
a - Freeze                Ice            80%        1d9       12%         1
b - Frozen Ramparts       Ice            40%        1d6       36%         3

Your spell library contained the following spells:

 Spells                   Type           Power      Damage    Failure   Level
 Ozocubu's Armour         Ice            20%        N/A       36%         3
 Animate Skeleton         Necr           2%         N/A       82%         1
 Apportation              Tloc           2%         N/A       82%         1
 Corona                   Hex            1%         N/A       82%         1
 Summon Small Mammal      Summ           4%         N/A       82%         1
 Hailstorm                Conj/Ice       11%        3d5       99%         4
 Bolt of Magma            Conj/Fire/Erth 0%         4d4       100%        5
 Iskenderun's Battlesphe  Conj           1%         2d6       100%        5
 Metabolic Englaciation   Hex/Ice        5%         N/A       100%        5
 Iron Shot                Conj/Erth      0%         9d1       100%        6
 Orb of Destruction       Conj           0%         N/A       100%        7
 Spellforged Servitor     Conj/Summ      0%         N/A       100%        7


Dungeon Overview and Level Annotations

Branches:
Dungeon (7/15)             Temple (1/1) D:7

Altars:
Ashenzari
Cheibriados
Dithmenos
Elyvilon
Fedhas
Gozag
Hepliaklqana
Makhleb
Nemelex Xobeh
Okawaru
Ru
Sif Muna
Trog
Uskayaw
Vehumet
Wu Jian
Xom
Zin
The Shining One

Shops:
D:3 *   D:5 ?   D:7 ?(


Innate Abilities, Weirdness & Mutations

((You are quick and stealthy near water. (Stealth+, EV+, Speed+++)))
Your lower body shifts to a powerful aquatic tail in water.


Message History

You hit the orc warrior but do no damage.
The orc warrior hits you with a +0 dire flail!!
You block the orc warrior's attack.
Casting: Frozen Ramparts (dangerous; 36% risk of failure)
Confirm with . or Enter, or press ? or * to list all spells.
Casting: Frozen Ramparts (dangerous; 36% risk of failure)
Press: ? - help, Dir - look around, f - activate The walls around you are covered in ice.
The wall freezes the wyvern.
The wall freezes the orc.
The wall freezes the orc warrior.
You closely miss the orc warrior.
The orc warrior is lightly wounded.
The wall freezes the wyvern but does no damage.
The wall freezes the orc.
You kill the orc!
Sif Muna accepts your kill.
The wall freezes the orc warrior.
The orc warrior hits you with a +0 dire flail!
The wall freezes the wyvern.
The wyvern completely misses you.
The wall freezes the orc priest.
You hit the orc warrior but do no damage.
The orc warrior is moderately wounded.
The wall freezes the wyvern.
The wyvern barely misses you.
The wall freezes the orc warrior.
The orc warrior closely misses you.
The wall freezes the orc priest.
The wall freezes the wyvern.
You block the wyvern's attack.
You hit the orc warrior. You burn the orc warrior.
The orc warrior is severely wounded.
The wall freezes the wyvern.
The wyvern bites you!
* * * LOW HITPOINT WARNING * * *
The wall freezes the orc priest.
The wall freezes the orc warrior.
You block the orc warrior's attack.
You barely miss the orc warrior.
The orc warrior is almost dead.
The wall freezes the wyvern.
You block the wyvern's attack.
The wall freezes the orc warrior.
The orc warrior hits you with a +0 dire flail.
* * * LOW HITPOINT WARNING * * *
The wall freezes the wyvern.
The wyvern bites you!
You die...

≈≈≈≈≈..################ #...##
≈≈P...............##..######.....
≈≈≈....########..................
≈≈P≈...# #..................
≈≈≈≈≈.##### #...##..##.........
o≈≈≈≈.###.# ###.####<.##..##...##
≈≈≈≈≈.#...###.)∩..#.......##...##
≈≈≈†......#...#l#o#.)......#...#.
o≈≈≈..........#o@.#........#...#.
.≈≈≈≈...lo....#...#....[...#...#.
≈≈≈P≈.#..##...##..#........#...#.
≈P≈≈.....##...##+###.#######..###
P≈≈≈≈.........# #.# #
P≈≈≈..........# ... #.
.≈≈≈..........# ... #.
≈≈≈≈≈.........# ≈≈≈≈.## ..##


You could see an orc warrior, a wyvern and an orc priest.

Vanquished Creatures
  An orc warrior (D:5)
  2 ice beasts
  4 necrophages
  A centaur (D:7)
  A bullfrog (D:6)
  A gnoll sergeant (D:6)
  3 scorpions
  An electric eel (D:7)
  A jelly (D:5)
  3 orc priests
  A bullfrog skeleton (D:6)
  Ijyb (D:3)
  Natasha (twice) (D:2 D:1)
  2 orc wizards (D:5)
  2 howler monkey zombies (D:7)
  3 gnolls
  5 adders
  A shadow imp (D:5)
  A white imp (D:7)
  An ufetubus (D:5)
  An adder skeleton (D:4)
  5 dart slugs
  11 orcs
  8 ball pythons
  4 endoplasms
  4 goblins
  4 hobgoblins
  10 jackals
  5 quokkas
  4 bats
  3 frilled lizards (D:1)
  3 kobolds
  3 rats
102 creatures vanquished.

Vanquished Creatures (others)
  5 plants (D:7)
5 creatures vanquished.

Grand Total: 107 creatures vanquished

Notes
Turn   | Place    | Note
-------+----------+-------------------------------------------
     0 | D:1      | freelancePsychic the Merfolk Ice Elementalist began the
                  | quest for the Orb.
     0 | D:1      | Reached XP level 1. HP: 13/13 MP: 3/3
   160 | D:1      | Found a faded altar of an unknown god.
   221 | D:1      | Reached skill level 3 in Dodging
   318 | D:1      | Reached XP level 2. HP: 19/19 MP: 3/5
   879 | D:1      | Reached skill level 5 in Ice Magic
  1477 | D:1      | Reached XP level 3. HP: 18/24 MP: 6/6
  1700 | D:2      | Noticed Natasha
  1705 | D:2      | Killed Natasha
  2111 | D:2      | Reached XP level 4. HP: 30/30 MP: 5/7
  2173 | D:2      | Learned a level 3 spell: Frozen Ramparts
  2265 | D:2      | Noticed Natasha
  2493 | D:1      | Killed Natasha
  2494 | D:1      | Reached skill level 4 in Dodging
  3346 | D:3      | Noticed Ijyb
  3364 | D:3      | Paralysed by Ijyb for 3 turns
  3367 | D:3      | Killed Ijyb
  3368 | D:3      | Reached skill level 5 in Dodging
  3368 | D:3      | Reached XP level 5. HP: 14/35 MP: 0/8
  3717 | D:3      | Found Rohein's Assorted Antiques.
  3729 | D:3      | Bought a scroll labelled RIPIUNT GORA for 22 gold pieces
  3729 | D:3      | Bought a scroll labelled YNOPTIDDUU for 22 gold pieces
  3977 | D:4      | Noticed a necrophage
  3996 | D:4      | Killed a necrophage
  3997 | D:4      | Reached skill level 1 in Fighting
  3997 | D:4      | Reached skill level 6 in Dodging
  3997 | D:4      | Reached XP level 6. HP: 17/44 MP: 3/9
  4689 | D:4      | Noticed a necrophage
  4714 | D:4      | Killed a necrophage
  5501 | D:5      | Entered Level 5 of the Dungeon
  5538 | D:5      | Reached skill level 7 in Dodging
  5552 | D:5      | Noticed a +0 hand axe
  5552 | D:5      | Noticed a +0 dagger
  5554 | D:5      | Found a hide-covered altar of Uskayaw.
  5635 | D:5      | Noticed an orc warrior
  5651 | D:5      | Reached XP level 7. HP: 52/52 MP: 4/10
  5929 | D:5      | Reached skill level 8 in Dodging
  6497 | D:5      | Reached skill level 9 in Dodging
  6497 | D:5      | Reached XP level 8. HP: 20/61 MP: 7/11
  6951 | D:5      | Identified a scroll of acquirement
  7068 | D:5      | Acquired the +1 pair of gloves of Oloonosm {rC++ Will+}
  7099 | D:5      | Found Zoclost's Magic Scroll Shoppe.
  7473 | D:6      | Reached skill level 1 in Polearms
  7565 | D:6      | Noticed a two-headed ogre
  8385 | D:7      | Found a staircase to the Ecumenical Temple.
  8408 | Temple   | Entered the Ecumenical Temple
  8531 | Temple   | Became a worshipper of Sif Muna the Loreminder
  8549 | D:7      | Found Inuziyr's Weapon Emporium.
  8582 | D:7      | Reached skill level 5 in Polearms
  8616 | D:7      | Bought a +1 trident of flaming for 186 gold pieces
  9042 | D:7      | Found Mym Zerch's Magic Scroll Shop.
  9210 | D:7      | Noticed a wyvern
  9223 | D:7      | Slain by a wyvern

Illustrated notes

Levels and vault maps discovered:
D:1:      co_arrival_random_square_maze, layout_basic,
          hellmonk_ecumenical_altar_arch_garden, corexii_corridor_pit
D:2:      layout_loops_cross, kennysheep_generic_room_4, uniq_natasha
D:3:      layout_rooms, serial_shops, nicolae_shop_stone, uniq_ijyb
D:4:      layout_basic, kennysheep_potato
D:5:      layout_basic, dancing_weapons_uskayaw, serial_shops, shop,
          chequers_decorated_corner, grunt_ministairs_10
D:6:      layout_basic, serial_bayou_pond_d
D:7:      layout_gridville, minmay_temple_entry_junction, serial_shops,
          nicolae_shop_temple_entry_statues_fountains, nicolae_shop_crystal,
          chequers_big_river, kennysheep_pointless_box
Temple:   compressed_dpeg_circular_temple

Skill      XL: |  1  2  3  4  5  6  7  8 |
---------------+-------------------------+-----
Dodging        | 3 5 6 7 9 |  9.2
Ice Magic      | 5 6 |  6.0
Fighting       | 1 3 4 |  4.8
Polearms       | 8 |  8.0
Stealth        | |  2.1
Spellcasting   | |  2.0

Action                   |  1- 3 |  4- 6 |  7- 9 || total
-------------------------+-------+-------+-------++-------
Melee: Dagger            |    47 |   105 |    58 ||   210
       Spear             |       |       |    96 ||    96
       Trident           |       |       |    54 ||    54
       Tailslap          |       |       |     1 ||     1
 Cast: Freeze            |    27 |    29 |     2 ||    58
       Frozen Ramparts   |       |    16 |    14 ||    30
Evoke: Wand              |       |       |     1 ||     1
  Use: Scroll            |       |     5 |     4 ||     9
 Stab: Sleeping          |       |     6 |     3 ||     9
       Paralysed         |       |       |     4 ||     4
       Distracted        |       |       |     1 ||     1
Armor: Robe              |    20 |    11 |    26 ||    57
Dodge: Dodged            |    46 |    76 |   139 ||   261
Block: Kite shield       |       |       |    14 ||    14
       Reflection        |       |       |     2 ||     2

Table legend: (Time is in decaauts)
 A = Elapsed time spent in this place.
 B = Non-inter-level travel time spent in this place.
 C = Inter-level travel time spent in this place.
 D = Time resting spent in this place.
 E = Time spent auto-exploring this place.
 F = Levels seen in this place.
 G = Mean time per level.
                   A        B        C        D        E       F      G
               +--------+--------+--------+--------+--------+-----+--------+
         Total |   9223 |   9027 |    196 |    901 |   7045 |   8 | 1152.9 |
       Dungeon |   9091 |   8933 |    158 |    901 |   6952 |   7 | 1298.7 |
        Temple |    132 |     94 |     38 |      0 |     93 |   1 |  132.0 |
               +--------+--------+--------+--------+--------+-----+--------+

Top non-repeatable levels by time:
     D:5: 1960 daAuts
     D:1: 1902 daAuts
     D:4: 1614 daAuts
     D:2: 1178 daAuts
     D:6: 917 daAuts
     D:3: 810 daAuts
     D:7: 706 daAuts
  Temple: 132 daAuts
